Map: Proxima Station LE

Players

Damrud

  • Race: Zerg Zerg
  • Spawn Location: 7:00

Mamba - Winner!

  • Race: Zerg Zerg
  • Spawn Location: 1:00

Event: IEM XI Katowice - World Championship 2017

VOD

Have the link to the VOD?

Description

Time

  • Played on: Feb. 27, 2017, 5:04 a.m.
  • Length: 8:23

All games in this series

Show
View Real Time Build Order
Export as new Build Order

Damrud Zerg 

Build Orders: Pool First 

Get SALT Encoding   

  12  0:17  Spawning Pool  
  11  0:22  Drone  
  11  0:26  Drone  
  13  0:31  Drone  
  14  0:40  Overlord  
  14  1:04  Zergling x4  
  14  1:05  Zergling x2  
  17  1:15  Zergling x2  
  18  1:21  Hatchery  
  17  1:27  Zergling x2  
  18  1:37  Zergling x2  
  18  1:38  Queen  
  21  1:49  Overlord  
  21  2:00  Drone  
  22  2:13  Drone  
  22  2:14  Queen  
  21  2:31  Drone  
  21  2:32  Drone  
  23  2:37  Drone  
  23  2:38  Queen  
  27  2:44  Zergling x4  
  28  2:59  Drone x2  
  28  3:00  Drone x3  
  33  3:12  Drone  
  34  3:13  Drone  
  36  3:20  Drone  
  36  3:24  Spine Crawler  
  35  3:27  Overlord  
  35  3:44  Roach Warren, Evolution Chamber  
  35  3:47  Evolution Chamber  
  32  3:48  Zergling x6  
  32  3:49  Zergling x6  
  32  3:54  Zergling x2  
  32  3:55  Spine Crawler, Zergling x2  
  39  4:01  Drone  
  39  4:02  Drone x2  
  42  4:09  Drone  
  43  4:15  Drone  
  44  4:20  Overlord  
  44  4:31  Hatchery, Extractor  
  44  4:34  Extractor  
  44  4:35  Drone x3  
  44  4:42  Drone x2  
  46  4:49  Drone  
  46  4:51  Drone x2  
  46  4:52  Drone x2  
  44  5:03  Overlord  
  41  5:14  Drone x4  
  40  5:36  Extractor  
  40  5:39  Drone x4  
  40  5:40  Drone  
  43  5:50  Lair  
  43  5:54  Drone x4  
  43  5:55  Drone  
  48  6:04  Drone x2  
  48  6:05  Drone x3  
  53  6:11  Extractor  
  53  6:15  Drone x3  
  55  6:20  Drone  
  56  6:26  Overlord  
  56  6:28  Metabolic Boost  
  56  6:32  Drone x2  
  58  6:33  Extractor  
  58  6:38  Drone x3  
  58  6:39  Drone x3  
  63  6:45  Spine Crawler  
  62  6:47  Spine Crawler  
  61  6:54  Spire  
  60  7:02  Zergling x8  
  64  7:11  Zergling x12  
  65  7:32  Zergling x14  
  66  7:44  Zergling x6  
  66  7:45  Zergling x14  
  70  7:53  Zergling x2  
  66  7:59  Zergling x4  
Show
View Real Time Build Order
Export as new Build Order

Mamba Zerg - Winner!

Build Orders: Hatch First 

Get SALT Encoding   

  12  0:01  Drone  
  13  0:12  Overlord  
  13  0:19  Drone  
  14  0:31  Drone  
  14  0:32  Drone  
  14  0:35  Drone  
  17  0:52  Hatchery  
  17  0:56  Drone  
  17  0:58  Drone  
  17  1:02  Extractor  
  17  1:14  Spawning Pool  
  17  1:17  Drone  
  17  1:20  Drone  
  18  1:29  Drone  
  19  1:40  Overlord  
  19  2:01  Queen  
  19  2:02  Zergling x4  
  19  2:05  Queen  
  19  2:06  Zergling x2  
  26  2:09  Metabolic Boost  
  26  2:14  Zergling x2  
  27  2:16  Zergling x2  
  26  2:39  Drone x2  
  26  2:44  Drone x2  
  30  2:51  Overlord  
  30  2:53  Drone  
  31  2:58  Drone x2  
  31  3:05  Drone  
  33  3:15  Zergling x2  
  33  3:16  Zergling x8  
  33  3:17  Zergling x2  
  39  3:22  Evolution Chamber  
  39  3:23  Zergling x2  
  39  3:27  Drone  
  40  3:42  Hatchery  
  40  3:44  Drone  
  40  3:48  Overlord  
  40  3:49  Drone  
  40  3:54  Drone  
  42  3:59  Drone x2  
  43  4:09  Drone x5  
  48  4:21  Drone x3  
  51  4:25  Zerg Missile Weapons Level 1  
  51  4:26  Overlord  
  51  4:27  Extractor  
  51  4:28  Overlord  
  50  4:32  Overlord  
  50  4:40  Overlord, Drone  
  50  4:45  Roach Warren  
  50  4:47  Drone  
  50  4:48  Drone x2  
  50  4:52  Drone x3  
  56  4:59  Drone x3  
  59  5:00  Extractor  
  59  5:05  Drone  
  60  5:07  Drone  
  60  5:09  Overlord  
  60  5:14  Drone x2  
  57  5:25  Queen  
  58  5:28  Lair  
  58  5:33  Roach x5  
  58  5:34  Roach  
  70  5:39  Roach  
  70  5:40  Roach  
  70  5:41  Extractor  
  71  5:55  Roach x4  
  79  5:59  Overlord x2  
  79  6:02  Drone x6  
  85  6:06  Overlord  
  85  6:08  Roach  
  87  6:17  Overlord  
  87  6:18  Drone x3  
  87  6:19  Drone  
  87  6:24  Roach  
  93  6:26  Glial Reconstitution, Extractor  
  93  6:28  Roach  
  94  6:35  Drone x3  
  94  6:36  Drone x3  
  94  6:38  Roach  
  102  6:45  Hatchery  
  101  6:47  Overlord  
  101  6:52  Roach x2  
  105  6:58  Roach  
  105  6:59  Roach x3  
  113  7:04  Ravager x2  
  113  7:07  Roach x3  
  113  7:08  Roach  
  123  7:14  Ravager  
  124  7:18  Roach x2  
  126  7:23  Roach x2  
  125  7:33  Roach x3  
  128  7:41  Hydralisk Den  
  128  7:43  Roach x2  
  127  7:48  Roach, Extractor  
  127  7:49  Roach  
  128  7:58  Roach x5  

Tags
 
Add a new tag
Caveats
  • Supply blocks, unpowered buildings, or Contaminate may cause inaccurate times.
  • Supply counts are checked every 10 seconds.